 Dungeon Crawl Stone Soup version 0.19.5 (webtiles) character file.

1793 ugelson the Grappler (level 9, 0/67 HPs)
             Began as a Vine Stalker Berserker on Mar 12, 2017.
             Was a Priest of Trog.
             Succumbed to a killer bee's poison
             ... on level 7 of the Dungeon.
             The game lasted 00:42:22 (4005 turns).

ugelson the Grappler (Vine Stalker Berserker)       Turns: 4005, Time: 00:42:22

Health: 0/67       AC: 13    Str: 28    XL:     9   Next: 9%
Magic:  9/10       EV:  8    Int:  7    God:    Trog [***...]
Gold:   247        SH:  0    Dex: 14    Spells: 0 memorised, 8 levels left

rFire  . . .     SeeInvis .       - Unarmed
rCold  . . .     Gourm    .     Z - +0 plate armour
rNeg   . . .     Faith    .     (no shield)
rPois  .         Spirit   +     (no helmet)
rElec  .         Reflect  .     X - +0 cloak
rCorr  .         Harm     .     (no gloves)
MR     +....                    (no boots)
Stlth  ..........               t - amulet of regeneration
                                (no ring)
                                (no ring)

@: berserking, lethally poisoned (0 -> -16), very quick
A: fangs 3, regeneration 1, magic shield, antimagic bite, no device heal 3, rot
immunity
a: Berserk, Trog's Hand, Burn Spellbooks, Renounce Religion


You were on level 7 of the Dungeon.
You worshipped Trog.
Trog was most pleased with you.
You were very hungry.

You visited 2 branches of the dungeon, and saw 9 of its levels.

You collected 247 gold pieces.

Inventory:

Hand Weapons
 c - a +0 whip of venom
 q - a +0 hand crossbow
 r - a +0 whip
 v - a +0 shortbow
 O - a +0 falchion
 R - a +0 giant spiked club
Missiles
 g - 142 stones (quivered)
 H - 75 arrows
 M - 20 bolts
 P - 39 sling bullets
 T - 5 javelins of penetration
Armour
 a - a +0 animal skin
 i - a +0 robe
 j - a +0 robe
 k - a +0 leather armour
 u - a +0 ring mail
 w - a +0 robe
 z - a +0 scale mail
 C - a cursed +0 robe
 L - a +0 chain mail
 N - a +0 robe
 X - a +0 cloak (worn)
 Z - a +0 plate armour (worn)
Jewellery
 t - an amulet of regeneration (around neck)
Wands
 e - a wand of hasting (3/9)
 s - a wand of iceblast (11/15)
 y - a wand of iceblast (9/15)
 U - a wand of paralysis (8/24)
Scrolls
 d - 2 scrolls of enchant armour {unknown}
 f - 2 scrolls of teleportation {unknown}
 h - a scroll of remove curse {unknown}
 l - a scroll of holy word {unknown}
 n - a scroll of random uselessness {unknown}
 p - 2 scrolls of fog {unknown}
 x - 4 scrolls of identify {unknown}
 D - a scroll of magic mapping {unknown}
 S - 2 scrolls of enchant weapon {unknown}
 Y - a scroll of immolation {unknown}
Potions
 m - a potion of berserk rage {unknown}
 o - 3 potions of haste {unknown}
 E - a potion of invisibility {unknown}
 J - 2 potions of curing
 K - 2 potions of brilliance {unknown}
 W - a potion of cancellation {unknown}
Books
 Q - a book of Necromancy

   Spells                             Type                      Level
   a - Pain                           Necromancy                   1
   b - Animate Skeleton               Necromancy                   1
   c - Vampiric Draining              Necromancy                   3
   d - Regeneration                   Charms/Necromancy            3
   e - Animate Dead                   Necromancy                   4
   f - Control Undead                 Necromancy                   4
   Trog disapproves of the use of such an item.
Comestibles
 b - 6 bread rations


   Skills:
 + Level 3.9 Fighting
 + Level 5.0 Armour
 + Level 2.6 Dodging
 + Level 2.1 Stealth
 + Level 9.2 Unarmed Combat


You had 8 spell levels left.
You didn't know any spells.

Dungeon Overview and Level Annotations

Branches:
Dungeon (8/15)             Temple (1/1) D:7
   Lair: D:8-11

Altars:
Ashenzari
Gozag
Hepliaklqana
Kikubaaqudgha
Makhleb
Ru
Sif Muna
Trog
Uskayaw

Annotations:
D:8 Pikel


Innate Abilities, Weirdness & Mutations

You have razor-sharp teeth.
Your natural rate of healing is unusually fast.
When hurt, damage is shared between your health and your magic reserves.
Your bite disrupts and absorbs the magic of your enemies.
Potions and wands cannot restore your health.
You are immune to rotting.


Message History

Trog accepts your kill.
* * * LOW HITPOINT WARNING * * *
You feel sick. The killer bee barely misses you.
Unknown command.
You are too berserk!
You are too berserk!
You completely miss the killer bee. Your bite misses the killer bee.
* * * LOW HITPOINT WARNING * * *
You feel sick.
The killer bee stings you but does no damage.
The killer bee barely misses you.
The killer bee stings you but does no damage.
Your plate armour prevents you from hitting the killer bee.
Your bite misses the killer bee.
* * * LOW HITPOINT WARNING * * *
You feel sick.
The killer bee stings you but does no damage.
The killer bee stings you.
You closely miss the killer bee.
You die...

#............# #.#
#............# #.#
#............# #.#
#............# #.#
#............### #.#
#..............# #.#
############'##.# #.#
#####....#######y##.#
#.#
.........'.....y@##.#
#.#
....#....##########.#
#.# ....#....#
#.###.## ....#....#
#......# ....#....#
###########..#
....#....#
##............#
....#....#
#.........###.#
....#....#
#.........###.#
....#....#
#.............#


You could see 2 killer bees.

Vanquished Creatures
  A hippogriff (D:7)
  Menkaure (D:7)
  Duvessa (D:4)
  2 ice beasts (D:6)
  2 ogres
  A centaur (D:7)
  3 bullfrogs
  Dowan (D:4)
  2 water moccasin zombies
  2 killer bees
  A howler monkey (D:5)
  A centaur zombie (D:5)
  A crimson imp (D:7)
  2 hounds
  2 orc wizards
  2 orc priests
  An iguana (D:4)
  A worker ant (D:5)
  A hound zombie (D:7)
  4 gnolls (D:3)
  3 adders (D:3)
  2 oozes
  An adder skeleton (D:6)
  2 dart slugs
  2 worms (D:3)
  4 leopard geckos
  11 orcs
  4 bat zombies (D:6)
  3 giant cockroaches
  8 goblins (D:1)
  4 hobgoblins
  10 jackals
  2 kobolds
  3 quokkas
  2 bats
  A frilled lizard (D:4)
  A quokka skeleton (D:3)
  A quokka zombie (D:6)
  6 rats
  A rat zombie (D:6)
103 creatures vanquished.

Notes
Turn   | Place    | Note
-------+----------+-------------------------------------------
     0 | D:1      | ugelson the Vine Stalker Berserker began the quest for the Orb.
     0 | D:1      | Reached XP level 1. HP: 11/11 MP: 2/2
   167 | D:1      | Reached XP level 2. HP: 14/16 MP: 3/3
   492 | D:1      | Reached XP level 3. HP: 12/20 MP: 1/4
   614 | D:1      | Reached ** piety under Trog
   710 | D:2      | Found a burning altar of Makhleb.
   772 | D:3      | Reached skill level 1 in Stealth
   880 | D:3      | Gained mutation: Your natural rate of healing is unusually fast. [Vine Stalker growth]
   880 | D:3      | Reached XP level 4. HP: 19/24 MP: 5/5
   919 | D:3      | Reached skill level 4 in Unarmed Combat
  1146 | D:3      | Reached XP level 5. HP: 28/28 MP: 6/6
  1200 | D:4      | Noticed Duvessa
  1200 | D:4      | Noticed Dowan
  1262 | D:4      | Killed Duvessa
  1299 | D:4      | Killed Dowan
  1299 | D:4      | Reached skill level 5 in Unarmed Combat
  1299 | D:4      | Reached XP level 6. HP: 32/32 MP: 7/7
  1555 | D:4      | Found a sacrificial altar of Ru.
  1825 | D:4      | Found a deep blue altar of Sif Muna.
  2066 | D:5      | Entered Level 5 of the Dungeon
  2210 | D:5      | Reached skill level 6 in Unarmed Combat
  2210 | D:5      | Reached XP level 7. HP: 36/36 MP: 8/8
  2454 | D:5      | Found an opulent altar of Gozag.
  2612 | D:6      | Found a hazy altar of Hepliaklqana.
  2756 | D:6      | Reached *** piety under Trog
  2766 | D:6      | Found an ancient bone altar of Kikubaaqudgha.
  2864 | D:6      | Reached skill level 7 in Unarmed Combat
  2869 | D:6      | Found a hide-covered altar of Uskayaw.
  2988 | D:6      | Gained mutation: You have razor-sharp teeth. [Vine Stalker growth]
  2988 | D:6      | Reached XP level 8. HP: 40/40 MP: 9/9
  3246 | D:7      | Found a staircase to the Ecumenical Temple.
  3356 | D:7      | Noticed a hippogriff
  3366 | D:7      | Killed a hippogriff
  3366 | D:7      | Reached skill level 8 in Unarmed Combat
  3618 | D:7      | Noticed Menkaure
  3703 | D:7      | Reached skill level 9 in Unarmed Combat
  3732 | D:7      | Killed Menkaure
  3732 | D:7      | Reached XP level 9. HP: 45/45 MP: 10/10
  3912 | Temple   | Entered the Ecumenical Temple
  3991 | D:8      | Noticed Pikel
  3994 | D:8      | Reached skill level 5 in Armour
  4003 | D:7      | HP: 3/67 [poisoned by a killer bee]
  4004 | D:7      | HP: 1/67 [poisoned by a killer bee]
  4005 | D:7      | Succumbed to a killer bee's poison

Skill      XL: |  1  2  3  4  5  6  7  8  9 |
---------------+----------------------------+-----
Fighting       | 3 |  3.9
Stealth        | 1 2 |  2.1
Unarmed Combat | 4 5 6 7 9 |  9.2
Armour         | 2 3 4 5 |  5.0
Dodging        | 2 |  2.6

Action                   |  1- 3 |  4- 6 |  7- 9 || total
-------------------------+-------+-------+-------++-------
Melee: Unarmed           |    67 |   160 |   149 ||   376
       Bite              |    17 |    50 |    48 ||   115
       Punch             |     1 |     3 |     4 ||     8
Throw: Stone             |     4 |       |       ||     4
Invok: Berserk           |       |       |     3 ||     3
 Stab: Sleeping          |     3 |       |       ||     3
  Eat: Chunk             |       |     4 |     8 ||    12
Armor: Animal skin       |     3 |       |       ||     3
       Ring mail         |     4 |     9 |       ||    13
       Scale mail        |       |    29 |       ||    29
       Chain mail        |       |    17 |    29 ||    46
       Plate armour      |       |       |    46 ||    46
Dodge: Dodged            |    26 |    72 |    63 ||   161
